 Dungeon Crawl Stone Soup version 0.21.1-1-g345015f (webtiles) character file.

156 inc the Conjurer (level 5, -8/31 HPs)
             Began as an Octopode Venom Mage on Mar 26, 2018.
             Splashed by an orc wizard's acid (14 damage)
             ... on level 4 of the Dungeon on Mar 28, 2018.
             The game lasted 00:07:12 (3974 turns).

inc the Conjurer (Octopode Venom Mage)              Turns: 3974, Time: 00:07:13

Health: -8/31      AC: -3    Str:  8    XL:     5   Next: 38%
Magic:  3/8        EV: 13    Int: 18    God:
Gold:   140        SH:  4    Dex: 12    Spells: 2/8 levels left

rFire    . . .     SeeInvis .   (no weapon)
rCold    . . .     Gourm    .   s - +0 buckler
rNeg     . . .     Faith    .   (helmet restricted)
rPois    .         Spirit   .   (no amulet)
rElec    .         Reflect  .   (no ring)
rCorr    .         Harm     .   (no ring)
MR       .....                  (no ring)
Stlth    +++.......             (no ring)
HPRegen  0.10/turn              (no ring)
MPRegen  0.11/turn              (no ring)
                                (no ring)
                                (no ring)

@: corroded, very slightly contaminated
A: almost no armour, stealthy swim, amphibious, 8 rings, constrict 8, camouflage
1, gelatinous body 1
a: no special abilities


You were on level 4 of the Dungeon.
You were not hungry.

You visited 1 branch of the dungeon, and saw 4 of its levels.

You collected 140 gold pieces.

Inventory:

Armour
 s - a +0 buckler (worn)
Jewellery
 e - an uncursed ring of protection from magic {unknown}
 f - an uncursed ring of positive energy {unknown}
 l - an uncursed ring of flight {unknown}
Wands
 q - a wand of flame (26)
Scrolls
 c - a scroll of immolation {unknown}
 h - 4 scrolls of identify {unknown}
 i - a scroll of enchant armour {unknown}
 j - a scroll of teleportation {unknown}
 k - a scroll of remove curse {unknown}
 o - 4 scrolls of amnesia {unknown}
 r - a scroll of random uselessness {unknown}
Potions
 d - a potion of curing
 g - a potion of resistance
 n - a potion of invisibility {unknown}
 p - a potion of might {unknown}
Books
 a - a Young Poisoner's Handbook

   Spells                             Type                      Level
   a - Sting                          Conjuration/Poison           1
   b - Poisonous Vapours              Poison/Air                   2
   c - Mephitic Cloud                 Conjuration/Poison/Air       3
   d - Olgreb's Toxic Radiance        Poison                       4
   e - Venom Bolt                     Conjuration/Poison           5
Comestibles
 b - 6 rations


   Skills:
 - Level 2.0 Dodging
 - Level 2.6 Stealth
 + Level 2.2 Shields
 - Level 2.0 Spellcasting
 - Level 4.3 Conjurations
 - Level 3.6 Poison Magic


You had 2 spell levels left.
You knew the following spells:

 Your Spells              Type           Power        Failure   Level  Hunger
a - Sting                 Conj/Pois      ###.         4%          1    #......
b - Poisonous Vapours     Pois/Air       #.....       16%         2    ###....
c - Mephitic Cloud        Conj/Pois/Air  ##......     22%         3    ###....


Dungeon Overview and Level Annotations

Branches:
Dungeon (4/15)
 Temple: D:4-7

Altars:
Kikubaaqudgha
Sif Muna

Shops:
D:4 [

Annotations:
D:2 Natasha, Sigmund
D:3 2 transporters


Innate Abilities, Weirdness & Mutations

You cannot wear most types of armour.
You are very stealthy in the water. (Stealth+)
You are amphibious.
You can wear up to eight rings at the same time.
You can use your tentacles to constrict eight enemies at once.
Your skin changes colour to match your surroundings (Stealth+).
Your rubbery body absorbs attacks. (AC +1, EV +1)


Message History

Press: ? - help, Shift-Dir - straight line, f/p - orc wizard
Aim: an orc wizard, wielding a dagger, wearing a robe and carrying a wand of acid (3) (heavily wounded, poisoned)
The sting hits the orc wizard.
The orc wizard looks even sicker.
The orc wizard is almost dead.
Casting: Sting
Confirm with . or Enter, or press ? or * to list all spells.
Aiming: Sting
Press: ? - help, Shift-Dir - straight line, f/p - orc wizard
Aim: an orc wizard, wielding a dagger, wearing a robe and carrying a wand of acid (3) (almost dead, poisoned)
The sting misses the orc wizard.
The orc wizard casts a spell at you. The puff of frost hits you!
Casting: Sting
Confirm with . or Enter, or press ? or * to list all spells.
Okay, then.
The orc wizard zaps a wand.
The bolt of acid hits you!
Ouch! That really hurt!
* * * LOW HITPOINT WARNING * * *
The acid corrodes you!
You are splashed with acid!
The acid burns!
You die...

#. ...#
#+###'######...##
..................
................#
..............8.##
..................
#...........o8.∩.8.
#..........@#
#...........#
#....###'####
#....###....#
#...........#
#...........#
#...........#
#...........#
#...........#


You could see an orc wizard.

Vanquished Creatures
  An orc wizard (D:4)
  A hound (D:4)
  2 adders (D:3)
  A worm (D:2)
  3 dart slugs
  2 leopard geckos
  4 orcs
  A giant cockroach (D:3)
  12 goblins
  7 hobgoblins
  2 jackals (D:2)
  6 kobolds
  3 quokkas
  2 ball pythons
  8 bats
  2 frilled lizards (D:1)
  9 rats
66 creatures vanquished.

Notes
Turn   | Place    | Note
-------+----------+-------------------------------------------
     0 | D:1      | inc the Octopode Venom Mage began the quest for the Orb.
     0 | D:1      | Reached XP level 1. HP: 11/11 MP: 3/3
   390 | D:1      | Reached skill level 2 in Conjurations
   390 | D:1      | Reached XP level 2. HP: 8/17 MP: 0/5
   863 | D:1      | Reached XP level 3. HP: 21/21 MP: 0/6
  1091 | D:1      | Reached skill level 3 in Conjurations
  1538 | D:2      | Found an ancient bone altar of Kikubaaqudgha.
  1810 | D:3      | Reached XP level 4. HP: 19/27 MP: 0/7
  2212 | D:3      | Found a transporter.
  2297 | D:3      | Reached skill level 4 in Conjurations
  2381 | D:3      | Found a transporter.
  2430 | D:3      | Found a deep blue altar of Sif Muna.
  2751 | D:3      | Found a faded altar of an unknown god.
  3167 | D:2      | Noticed Sigmund
  3167 | D:2      | Noticed Natasha
  3723 | D:4      | Reached skill level 1 in Shields
  3723 | D:4      | Reached XP level 5. HP: 14/31 MP: 2/8
  3935 | D:4      | Learned a level 2 spell: Poisonous Vapours
  3939 | D:4      | Learned a level 3 spell: Mephitic Cloud
  3968 | D:4      | Found Gotyotah's Armour Boutique.
  3974 | D:4      | Splashed by an orc wizard's acid

Skill      XL: |  1  2  3  4  5 |
---------------+----------------+-----
Conjurations   | 2 3 4 |  4.3
Shields        | 1 2 |  2.2
Dodging        | |  2.0
Stealth        | |  2.6
Spellcasting   | |  2.0
Poison Magic   | |  3.6

Action                   |  1- 3 |  4- 6 || total
-------------------------+-------+-------++-------
Melee: Unarmed           |    25 |    12 ||    37
       Constrict         |     9 |     2 ||    11
       Tentacles         |     2 |       ||     2
 Cast: Sting             |    63 |    70 ||   133
  Use: Potion            |     1 |     3 ||     4
 Stab: Sleeping          |     2 |       ||     2
  Eat: Chunk             |     3 |     8 ||    11
Armor: Skin              |       |     2 ||     2
Dodge: Dodged            |    30 |    14 ||    44
Block: Buckler           |       |     2 ||     2
